 Dungeon Crawl Stone Soup version 0.29-a0-284-gf9362112df (webtiles) character file.

Game seed: 4591768936667721528

29 Hubjo the Sneak (level 2, 0/27 HPs)
             Began as a Demonspawn Enchanter on Mar 17, 2022.
             Succumbed to an adder's poison
             ... on level 2 of the Dungeon on Mar 21, 2022.
             The game lasted 00:01:19 (944 turns).

Hubjo the Sneak (Demonspawn Enchanter)               Turns: 944, Time: 00:01:20

Health: 0/27       AC:  2    Str:  8    XL:     2   Next: 103%
Magic:  5/6        EV: 12    Int: 16    God:
Gold:   15         SH:  0    Dex: 13    Spells: 8/8 levels left

rFire   . . .      SeeInvis .   a - +1 dagger
rCold   . . .      Faith    .   (no shield)
rNeg    . . .      Spirit   .   b - +0 robe
rPois   .          Reflect  .   (no helmet)
rElec   .          Harm     .   (no cloak)
rCorr   .          Rampage  .   (no gloves)
Will    .....                   (no boots)
Stlth   +++.......              (no amulet)
HPRegen 0.09/turn               (no ring)
MPRegen 0.10/turn               (no ring)

@: lethally poisoned (0 -> -7)
A: demonic magic 1
a: no special abilities


You were on level 2 of the Dungeon.
You visited 1 branch of the dungeon, and saw 2 of its levels.

You collected 15 gold pieces.

Inventory:

Hand Weapons
 a - a +1 dagger (weapon)
Armour
 b - a +0 robe (worn)
Scrolls
 d - a scroll of blinking {unknown}
 f - a scroll of identify {unknown}
Potions
 c - 2 potions of invisibility


   Skills:
 * Level 5.3 Fighting
 - Level 0.8 Short Blades
 - Level 1.7 Dodging
 * Level 6.0 Stealth
 + Level 3.9 Spellcasting
 + Level 4.8 Hexes


You had 8 spell levels left.
You didn't know any spells.
Your spell library contained the following spells:

 Spells                   Type           Power      Damage    Failure   Level
 Confusing Touch          Hex            18%        N/A       7%          3
 Tukima's Dance           Hex            18%        N/A       7%          3
 Ensorcelled Hibernation  Hex/Ice        20%        N/A       10%         2
 Dazzling Flash           Conj/Hex       20%        N/A       19%         3


Dungeon Overview and Level Annotations

Branches:
Dungeon (2/15)

Altars:


Innate Abilities, Weirdness & Mutations

Spells you cast may paralyse adjacent enemies.


Message History

The adder bites you. The goblin barely misses you.
You barely miss the adder.
The adder is moderately wounded.
The adder closely misses you. The goblin hits you with a +0 club.
The adder closely misses you.
You hit the adder.
The adder is moderately wounded.
The goblin hits you with a +0 club. The adder barely misses you.
You miss the adder.
The adder is moderately wounded.
The adder misses you. The goblin closely misses you.
You barely miss the adder.
The adder is moderately wounded.
The adder barely misses you. The goblin barely misses you.
You hit the adder but do no damage.
The adder is moderately wounded.
The adder closely misses you. The goblin hits you with a +0 club.
* * * LOW HITPOINT WARNING * * *
The adder bites you.
* * * LOW HITPOINT WARNING * * *
You hit the adder.
The adder is heavily wounded.
The goblin closely misses you. The adder completely misses you.
You barely miss the adder.
The adder is heavily wounded.
The adder bites you.
* * * LOW HITPOINT WARNING * * *
You are lethally poisoned!
The adder poisons you! The goblin barely misses you.
It was a potion of experience.
You feel more experienced!
Your Fighting skill gained 5 levels and is now at level 5!
Your Stealth skill gained 4 levels and is now at level 6!
Your Spellcasting skill increases to level 3!
Your Hexes skill increases to level 4!
You have reached level 3!
Your experience leads to an increase in your attributes!
Increase (S)trength, (I)ntelligence, or (D)exterity?
Uppercase letters only, please.
You die...

... #..# #.#
#..# #.# #..#
#.# #..#
#.###.#####..#
#.....<......#
#####.########
#[######.#
......g@.#
#.##..†S.#
#...### #...
#.... #....
#.#.# .#..


You could see an adder and a goblin.

Vanquished Creatures
  2 endoplasms (D:1)
  2 goblins (D:1)
  A hobgoblin (D:1)
  A quokka (D:1)
  A ball python (D:2)
7 creatures vanquished.

Notes
Turn   | Place    | Note
-------+----------+-------------------------------------------
     0 | D:1      | Hubjo the Demonspawn Enchanter began the quest for the Orb.
     0 | D:1      | Reached XP level 1. HP: 13/13 MP: 3/3
   610 | D:1      | Gained mutation: Spells you cast may paralyse adjacent
                  | enemies. [demonic ancestry]
   610 | D:1      | Reached XP level 2. HP: 4/20 MP: 5/5
   916 | D:1      | You fall into a shaft and drop 1 floor!
   943 | D:2      | HP: 1/20 [adder (2)]
   944 | D:2      | Reached skill level 5 in Fighting
   944 | D:2      | Reached skill level 6 in Stealth
   944 | D:2      | Succumbed to an adder's poison

Illustrated notes

Levels and vault maps discovered:
D:1:      onia_arrival_mini_spirals, layout_loops_cross, minmay_pentomino_u2
D:2:      layout_loops_ring, uniq_natasha

Skill      XL: |  1  2 |
---------------+-------+-----
Fighting       | 5 |  5.3
Stealth        | 6 |  6.0
Spellcasting   | 3 |  3.9
Hexes          | 4 |  4.8
Short Blades   | |  0.8
Dodging        | |  1.7

Action                   || total
-------------------------++-------
Melee: Dagger            ||    38
       Punch             ||     2
  Use: Potion            ||     1
 Stab: Sleeping          ||     2
Armor: Robe              ||     1
Dodge: Dodged            ||    32

Table legend: (Time is in decaauts)
 A = Elapsed time spent in this place.
 B = Non-inter-level travel time spent in this place.
 C = Inter-level travel time spent in this place.
 D = Time resting spent in this place.
 E = Time spent auto-exploring this place.
 F = Levels seen in this place.
 G = Mean time per level.
                   A        B        C        D        E       F      G
               +--------+--------+--------+--------+--------+-----+--------+
         Total |    942 |    942 |      0 |      0 |    871 |   2 |  471.0 |
       Dungeon |    942 |    942 |      0 |      0 |    871 |   2 |  471.0 |
               +--------+--------+--------+--------+--------+-----+--------+

Top non-repeatable levels by time:
     D:1: 915 daAuts
     D:2: 27 daAuts
